AoeStats
← andresphones

Arabia

508949322Analyzed
1v1 RM · 7d ago on Sep 24, 2026· 21m 12s· 2 players
Game mode
Random Map
Map size
Tiny (2 player)
Population
200
Speed
Normal
Resources
Standard
Victory
Conquest
Starting age
Dark Age
Ending age
Imperial Age
RankedLock teamsTeams togetherTeam positionsShared explorationLock speedFull tech treeHidden civsTurbo modeCheats
Victory
Defeat
🇨🇭 Mongols · Switzerland
949
+17
🇨🇴 Magyars · Colombia
969
-17
laguitt
8:40 Feudal Age
9:30 Double-Bit Axe
13:37 Loom
16:42 Horse Collar
21:03 Castle Age
19:33 Bloodlines
20:27 Gold Mining
20:42 Fletching
21:10 Forging
andresphones
7:32 Loom
9:42 Feudal Age
11:27 Double-Bit Axe
22:09 Castle Age
21:34 Fletching
21:44 Padded Archer Armor
Connection lost

Rejoining the realm…

Still unreachable

The connection could not be restored.

Session expired

The server has moved on; the page needs a fresh start.